 Dungeon Crawl Stone Soup version 0.30.0-5-g1a98f26d00 (webtiles) character file.

Game seed: 11379957742825010271

44 Acheron the Grasshopper (level 3, -2/27 HPs)
             Began as a Demonspawn Warper on May 8, 2023.
             Slain by a river rat (8 damage)
             ... in a sewer.
             The game lasted 00:04:45 (1079 turns).

Acheron the Grasshopper (Demonspawn Warper)         Turns: 1079, Time: 00:04:46

Health: -2/27      AC: 12    Str: 11    XL:     3   Next: 39%
Magic:  6/6        EV:  5    Int: 14    God:
Gold:   89         SH:  0    Dex: 14    Spells: 6/6 levels left

rFire   . . .        a - +0 falchion
rCold   . . .        (no shield)
rNeg    . . .        k - +0 shadow dragon scales
rPois   .            e - +0 helmet
rElec   .            (no cloak)
rCorr   .            (no gloves)
SInv    .            (no boots)
Will    .....        (no amulet)
Stlth   +            (no ring)
HPRegen 0.24/turn    (no ring)
MPRegen 0.10/turn

%: no passive effects
@: very slow
A: powered by pain 2
a: no special abilities


You were in a sewer.
You visited 1 branch of the dungeon, and saw 3 of its levels.
You also visited: Sewer.

You collected 89 gold pieces.

Inventory:

Hand Weapons
 a - a +0 falchion (weapon)
Missiles
 d - 7 boomerangs of dispersal (quivered)
Armour
 b - a +0 leather armour
 e - a +0 helmet (worn)
 k - +0 shadow dragon scales (worn)
Scrolls
 c - 2 scrolls of blinking
 i - a scroll of teleportation {unknown}
 j - a scroll of acquirement {unknown}
 m - a scroll of magic mapping {unknown}
 n - a scroll of noise {unknown}
Potions
 f - a potion of degeneration {unknown}
 g - a potion of heal wounds {unknown}
 h - 2 potions of attraction {unknown}
 l - a potion of mutation {unknown}


   Skills:
 + Level 2.1 Fighting
 + Level 2.3 Long Blades
 * Level 1.0 Throwing
 * Level 1.4 Armour
 * Level 2.1 Dodging
 * Level 0.1 Stealth
 * Level 2.2 Spellcasting
 + Level 2.9 Translocations


You had 6 spell levels left.
You didn't know any spells.
Your spell library contained the following spells:

 Spells                   Type           Power      Damage    Failure   Level
 Blink                    Tloc           18%        N/A       99%         2
 Lesser Beckoning         Tloc           18%        N/A       99%         2
 Teleport Other           Tloc           9%         N/A       100%        3
 Vhi's Electric Charge    Tloc/Air       10%        N/A       100%        3
 Manifold Assault         Tloc           9%         N/A       100%        4


Dungeon Overview and Level Annotations

Branches:
Dungeon (3/15)              Sewer (1/1)

Altars:
Dithmenos

Shops:
D:1 !


Innate Abilities, Weirdness & Mutations

You sometimes gain power by taking damage.


Message History

The adder bites you but does no damage. x2
You hit the adder.
The adder is heavily wounded.
The adder bites you but does no damage.
You hit the adder.
The adder is heavily wounded.
The adder bites you. The adder bites you but does no damage.
You completely miss the adder.
The adder is heavily wounded.
The adder bites you but does no damage.
You barely miss the adder.
The adder is heavily wounded.
The adder barely misses you. The adder bites you.
You miss the adder.
The adder is heavily wounded.
The adder bites you.
The river rat bites you but does no damage.
The endoplasm freezes you.
You are frozen.
The adder bites you but does no damage.
You enter the shallow water.
Moving in this stuff is going to be slow.
The river rat twitches its whiskers.
The endoplasm hits you but does no damage.
A river rat and a worm come into view.
The river rat barely misses you.
The river rat bites you but does no damage.
The river rat bites you but does no damage.
The river rat completely misses you. The river rat barely misses you.
You hit the river rat but do no damage. The river rat bites you!
The river rat completely misses you.
Your unstable footing causes you to fumble your attack.
The river rat bites you but does no damage. x2
You hit the river rat.
The river rat is lightly wounded.
The river rat bites you!
* * * LOW HITPOINT WARNING * * *
The river rat bites you but does no damage.
Your unstable footing causes you to fumble your attack.
The river rat bites you!
You die...

~#
##..~#
#~~~#
#~~.#
##..~##
#~~.~K#
#~###J#
#~# #S#
#~###r##
~~~#@~.#
r#~#r#~#
#~
~#~#~#
#~
~#~#w#
#.
.#.#.#
#####


You could see a kobold brigand, an adder, 2 river rats and an endoplasm.

Vanquished Creatures
  5 bats
  4 endoplasms
  4 giant cockroaches (D:3)
  A goblin (D:1)
  3 hobgoblins
  A jackal (D:1)
  3 quokkas (D:3)
  8 ball pythons
  3 frilled lizards (D:1)
  A kobold (D:3)
  7 rats
40 creatures vanquished.

Notes
Turn   | Place    | Note
-------+----------+-------------------------------------------
     0 | D:1      | Acheron the Demonspawn Warper began the quest for the Orb.
     0 | D:1      | Reached XP level 1. HP: 16/16 MP: 3/3
    57 | D:1      | Reached skill level 1 in Armour
   135 | D:1      | Gained mutation: You sometimes gain a little power by
                  | taking damage. [demonic ancestry]
   135 | D:1      | Reached XP level 2. HP: 22/22 MP: 5/5
   146 | D:1      | Found Wiqoarai's Distillery.
   563 | D:1      | Reached skill level 1 in Throwing
   785 | D:3      | Found a shadowy altar of Dithmenos.
   802 | D:3      | Gained mutation: You sometimes gain power by taking damage.
                  | [demonic ancestry]
   802 | D:3      | Reached XP level 3. HP: 27/27 MP: 6/6
   873 | D:3      | Found a glowing drain.
   963 | Sewer    | Entered a sewer
   983 | Sewer    | Noticed a kobold brigand
  1079 | Sewer    | Slain by a river rat

Illustrated notes

Levels and vault maps discovered:
D:1:      eino_arrival_druids_welcome, layout_basic, serial_shops, shop,
          minmay_heptomino_l4
D:2:      layout_basic, serial_forest, infiniplex_forest_lined_3_way,
          infiniplex_forest_clump_tiny, infiniplex_forest_corner_1,
          infiniplex_forest_corner_1, infiniplex_forest_straight_5,
          infiniplex_forest_lined_3, infiniplex_forest_lined_corner,
          infiniplex_forest_straight_2, infiniplex_forest_lined_corner,
          infiniplex_forest_lined_ring, minmay_increasing_density
D:3:      layout_rooms, lemuel_round_altar, tso_altar, grunt_dithmenos_smoke,
          serial_shops, shop, shapermc_ecumenical_altar_petra,
          portal_sewer_entry_f, minmay_joined_circles
Sewer:    sewer_co_tree

Skill      XL: |  1  2 |
---------------+-------+-----
Long Blades    | 2 |  2.3
Armour         | 1 |  1.4
Throwing       | 1 |  1.0
Dodging        | 2 |  2.1
Fighting       | |  2.1
Stealth        | |  0.1
Spellcasting   | |  2.2
Translocations | |  2.9

Action                     || total
---------------------------++-------
  Melee: Falchion          ||   120
         Punch             ||     1
   Stab: Sleeping          ||     2
 Armour: Leather armour    ||    21
         Shadow dragon sca ||    77
  Dodge: Dodged            ||    61
